 Dungeon Crawl Stone Soup version 0.26.0-16-gc1dbca0489 (webtiles) character file.

Game seed: 3312105009079425851

1656 sizableburger the Chiller (level 8, -8/57 HPs)
             Began as a Purple Draconian Ice Elementalist on Jan 20, 2021.
             Was a Follower of Sif Muna.
             Mangled by a red ugly thing (15 damage)
             ... on level 5 of the Dungeon.
             The game lasted 00:26:24 (8564 turns).

sizableburger the Chiller (DrIE)                    Turns: 8564, Time: 00:26:25

Health: -8/57      AC:  7    Str: 19    XL:     8   Next: 68%
Magic:  25/25      EV: 14    Int: 20    God:    Sif Muna [*.....]
Gold:   371        SH:  0    Dex: 11    Spells: 7/18 levels left

rFire    . . .     SeeInvis .   h - +3 quarterstaff (chaos)
rCold    . . .     Faith    .   (shield currently unavailable)
rNeg     + . .     Spirit   .   (armour unavailable)
rPois    .         Reflect  .   (helmet restricted)
rElec    .         Harm     .   o - +0 cloak
rCorr    .         Rampage  .   (no gloves)
Will     +++..                  (no boots)
Stlth    ++........             p - amulet of inaccuracy (curse)
HPRegen  0.19/turn              l - ring of willpower
MPRegen  0.19/turn              n - ring "Diragan" {rN+ Will+ MP+9 Str+7 Int+3}

@: no status effects
A: breathe power, unfitting armour, cold-blooded, AC +6
a: Breathe Dispelling Energy, Renounce Religion, Channel Magic


You were on level 5 of the Dungeon.
You worshipped Sif Muna.
Sif Muna was aware of your devotion.
You visited 2 branches of the dungeon, and saw 7 of its levels.

You collected 371 gold pieces.

Inventory:

Hand Weapons
 d - a +3 dagger of holy wrath
 h - a +3 quarterstaff of chaos (weapon)
Armour
 o - a +0 cloak (worn)
Jewellery
 i - an uncursed ring of resist corrosion {unknown}
 l - a ring of willpower (left hand)
 n - the ring "Diragan" (right hand) {rN+ Will+ MP+9 Str+7 Int+3}
   (You found it on level 4 of the Dungeon)

   [ring of willpower]

   It affects your strength (+7).
   It affects your intelligence (+3).
   It protects you from negative energy.
   It affects your willpower, your defense against some magical effects.
   It affects your magic capacity (+9).
 p - a cursed amulet of inaccuracy (around neck)
Wands
 q - a wand of paralysis (2)
Scrolls
 c - 2 scrolls of immolation
 f - a scroll of amnesia
 k - a scroll of enchant weapon
 m - a scroll of remove curse
 r - a scroll of blinking {unknown}
Potions
 a - 2 potions of degeneration
 b - 3 potions of heal wounds
 e - a potion of haste {unknown}
 g - a potion of brilliance {unknown}
 j - 3 potions of curing {unknown}


   Skills:
 + Level 2.5 Staves
 + Level 5.7 Dodging
 - Level 1.7 Stealth
 - Level 5.5 Spellcasting
 + Level 3.4 Summonings
 + Level 7.2 Ice Magic
 + Level 2.5 Invocations


You had 7 spell levels left.
You knew the following spells:

 Your Spells              Type           Power        Failure   Level
a - Freeze                Ice            100%         1%          1
b - Frozen Ramparts       Ice            68%          1%          3
c - Ozocubu's Armour      Ice            34%          1%          3
d - Summon Ice Beast      Ice/Summ       26%          12%         4

Your spell library contained the following spells:

 Spells                   Type           Power        Failure   Level
 Hailstorm                Conj/Ice       20%          24%         4


Dungeon Overview and Level Annotations

Branches:
Dungeon (6/15)             Temple (1/1) D:6

Altars:
Ashenzari
Cheibriados
Dithmenos
Elyvilon
Fedhas
Gozag
Hepliaklqana
Kikubaaqudgha
Makhleb
Nemelex Xobeh
Okawaru
Qazlal
Ru
Sif Muna
Trog
Uskayaw
Vehumet
Wu Jian
Xom
Yredelemnul
The Shining One


Innate Abilities, Weirdness & Mutations

You can breathe bolts of dispelling energy.
Your rich purple scales are hard. (AC +6)
You cannot fit into any form of body armour.
You are cold-blooded and may be slowed by cold attacks.


Message History

The gnoll shouts!
The red ugly thing punches you!
You are engulfed in flames!
The red ugly thing punches you.
You are engulfed in flames!
* * * LOW HITPOINT WARNING * * *
Things that are here:
a +0 war axe; a +0 robe You feel much better.
The red ugly thing completely misses you.
Okay, then.
Okay, then.
You see here a +0 flail.
The red ugly thing punches you but does no damage.
You see here a +0 flail.
There is a stone staircase leading up here.
The red ugly thing punches you!
You are engulfed in flames!
* * * LOW HITPOINT WARNING * * *
You climb upwards.
There is a stone staircase leading down here.
The red ugly thing punches you!
You die...

..........##.#.............## #
.........###.#..............# #
........###..#...##.........## #
........##.......##......#...####
....##..##....##.##...#..........
.......>......#..#...#####.......
.......................#........#
....................#......#....#
................@...#......#.....
.................u...............
....##...........................
...####.##...........<.....##..#.
....##...#.<.......[..)....##.##.
........##........##.##)......##.
.....#..[(................##.....
........[((.)........##...###.###
...###.)#######).##..###....#.##.


You could see a red ugly thing.

Vanquished Creatures
  An orc warrior (D:6)
  A phantom (D:6)
  3 ogres
  A bullfrog (D:6)
  A gnoll sergeant (D:6)
  A scorpion (D:4)
  2 howler monkeys
  2 bullfrog zombies
  2 hounds
  A jelly (D:6)
  Crazy Yiuf (D:5)
  A gnoll shaman (D:5)
  2 orc priests
  A centaur skeleton (D:5)
  An iguana (D:5)
  6 orc wizards
  3 worker ants
  Natasha (twice) (D:3)
  A mummy (D:6)
  A howler monkey zombie (D:6)
  4 adders
  14 gnolls
  A white imp (D:5)
  An ufetubus (D:5)
  An ooze (D:5)
  2 adder skeletons
  An adder zombie (D:5)
  5 worms
  2 dart slugs
  5 leopard geckos
  15 orcs
  A ball python (D:3)
  7 bats
  8 giant cockroaches
  11 goblins
  9 hobgoblins
  13 jackals
  3 quokkas
  3 frilled lizards
  A jackal zombie (D:5)
  7 kobolds
  A leopard gecko zombie (D:5)
  4 rats
153 creatures vanquished.

Vanquished Creatures (others)
  A plant (D:6)
1 creature vanquished.

Grand Total: 154 creatures vanquished

Notes
Turn   | Place    | Note
-------+----------+-------------------------------------------
     0 | D:1      | sizableburger the Draconian Ice Elementalist began the
                  | quest for the Orb.
     0 | D:1      | Reached XP level 1. HP: 14/14 MP: 3/3
   407 | D:1      | Reached XP level 2. HP: 20/20 MP: 1/5
  1586 | D:1      | Reached XP level 3. HP: 10/26 MP: 3/6
  2122 | D:1      | Learned a level 3 spell: Frozen Ramparts
  2161 | D:2      | Found a snail-covered altar of Cheibriados.
  2738 | D:2      | Found a burning altar of Makhleb.
  2738 | D:2      | Found a basalt altar of Yredelemnul.
  2990 | D:2      | Reached XP level 4. HP: 33/33 MP: 2/8
  3046 | D:2      | Learned a level 3 spell: Ozocubu's Armour
  3750 | D:3      | Reached XP level 5. HP: 17/38 MP: 3/9
  4178 | D:3      | Noticed Natasha
  4182 | D:3      | Killed Natasha
  4183 | D:3      | Reached skill level 5 in Ice Magic
  4427 | D:3      | Noticed Natasha
  4435 | D:3      | Killed Natasha
  4783 | D:4      | Reached XP level 6. HP: 32/45 MP: 3/11
  5012 | D:4      | Got an ancient tin ring
  5193 | D:4      | Identified the ring "Diragan" {rN+ Will+ MP+9 Str+7 Int+3}
                  | (You found it on level 4 of the Dungeon)
  5859 | D:5      | Entered Level 5 of the Dungeon
  5904 | D:5      | Your scales start taking on a rich purple colour.
  5904 | D:5      | Reached skill level 5 in Spellcasting
  5904 | D:5      | Reached XP level 7. HP: 43/50 MP: 14/14
  5973 | D:5      | Reached skill level 6 in Ice Magic
  5993 | D:5      | Found a sacrificial altar of Ru.
  6079 | D:5      | Learned a level 4 spell: Summon Ice Beast
  6433 | D:5      | Found an ancient bone altar of Kikubaaqudgha.
  6607 | D:5      | Found a runed translucent door.
  6608 | D:5      | Noticed Crazy Yiuf
  6669 | D:5      | Reached skill level 1 in Summonings
  6838 | D:5      | Found a shimmering altar of Xom.
  6900 | D:5      | Found a broken altar of Ashenzari.
  7147 | D:5      | Reached skill level 5 in Dodging
  7347 | D:5      | Killed Crazy Yiuf
  7435 | D:6      | Reached XP level 8. HP: 57/57 MP: 16/16
  7467 | D:6      | Noticed a red ugly thing
  7489 | D:6      | Found a staircase to the Ecumenical Temple.
  7497 | Temple   | Entered the Ecumenical Temple
  7529 | Temple   | Became a worshipper of Sif Muna the Loreminder
  7699 | D:6      | Reached skill level 1 in Staves
  7771 | D:6      | Reached skill level 1 in Invocations
  7828 | D:6      | Reached skill level 7 in Ice Magic
  8409 | D:6      | Reached * piety under Sif Muna
  8564 | D:5      | Mangled by a red ugly thing

Illustrated notes

Levels and vault maps discovered:
D:1:      ncdulo_halloftheorcs, layout_loops_corners, due_unseen_surprise
D:2:      layout_rooms, chequers_temple_overflow_statue_of_worship,
          cheibriados_altar_1, serial_corexii_hall,
          corexii_hall_statues_deadend, corexii_hall_statues_l
D:3:      layout_basic, uniq_natasha
D:4:      layout_cave_pools
D:5:      layout_cave_pools, general_overflow_altar, evilmike_ruin_ashenzari,
          basic_altar, minmay_strange_pillars,
          nicolae_ru_great_annihilating_truth, uniq_crazy_yiuf_cottage
D:6:      layout_loops_cross, minmay_temple_entry_overgrown,
          gup_ossuary_entry_pyramid, minmay_microvault
Temple:   eino_temple_rhombus

Skill      XL: |  1  2  3  4  5  6  7  8 |
---------------+-------------------------+-----
Dodging        | 2 3 4 5 |  5.7
Spellcasting   | 3 5 |  5.5
Ice Magic      | 5 6 7 |  7.2
Summonings     | 2 3 |  3.4
Staves         | 2 |  2.5
Invocations    | 2 |  2.5
Stealth        | |  1.7

Action                   |  1- 3 |  4- 6 |  7- 9 || total
-------------------------+-------+-------+-------++-------
Melee: Unarmed           |     9 |       |       ||     9
       Tailslap          |     8 |     5 |    17 ||    30
       Dagger            |    50 |    83 |    99 ||   232
       Quarterstaff      |       |       |    17 ||    17
 Cast: Freeze            |    44 |    25 |     2 ||    71
       Frozen Ramparts   |     9 |    10 |    28 ||    47
       Ozocubu's Armour  |       |     1 |     9 ||    10
 Abil: Breathe Dispellin |       |       |     1 ||     1
  Use: Scroll            |       |    10 |     2 ||    12
       Potion            |       |       |     1 ||     1
 Stab: Sleeping          |       |     6 |     1 ||     7
       Paralysed         |       |       |     2 ||     2
       Petrified         |       |       |     3 ||     3
Armor: Skin              |    23 |    20 |    31 ||    74
Dodge: Dodged            |    60 |    65 |   106 ||   231
